AoeStats
← AgentOrange

Team Islands

503276992Analyzed
3v3 RM · 2mo ago on Aug 30, 2026· 19m 54s· 6 players
Game mode
Random Map
Map size
Large (8 player)
Population
200
Speed
Normal
Resources
Standard
Victory
Conquest
Starting age
Dark Age
Ending age
Imperial Age
RankedLock teamsTeams togetherTeam positionsShared explorationLock speedFull tech treeHidden civsTurbo modeCheats
Victory
Defeat
🇦🇷 Spanish · Argentina
1265
+8
🇦🇷 Vikings · Argentina
1108
+14
🇦🇷 Maya · Argentina
1044
+17
vs
🇳🇿 Vikings · New Zealand
1081
-13
🇦🇷 Portuguese · Argentina
1071
-13
🇨🇴 Armenians · Colombia
1050
-12
Slayer
4:37 Loom
11:58 Feudal Age
13:02 Town Watch
15:49 Double-Bit Axe
19:01 Castle Age
17:26 Fletching
AgentOrange
10:42 Feudal Age
15:00 Castle Age
13:24 Double-Bit Axe
15:58 Bow Saw
15:41 Gold Mining
18:32 Fletching
Ron Damon
5:28 Loom
11:52 Feudal Age
12:36 Double-Bit Axe
12:42 Gold Mining
14:06 Fletching
21:09 Castle Age
[LOPDA] NEO
0:32 Loom
12:29 Feudal Age
15:03 Double-Bit Axe
Agus Talleres 2
10:19 Feudal Age
11:13 Loom
13:08 Loom
15:28 Castle Age
14:04 Double-Bit Axe
17:45 Horse Collar
[LOPDA] Shebby
8:55 Loom
11:03 Feudal Age
11:38 Double-Bit Axe
11:48 Gold Mining
15:29 Fletching
17:15 Padded Archer Armor
Connection lost

Rejoining the realm…

Still unreachable

The connection could not be restored.

Session expired

The server has moved on; the page needs a fresh start.